 Dungeon Crawl Stone Soup version 0.31-a0-978-g1e143483b6 (webtiles) character file.

Game seed: 14646512084467918794

84 Xavori the Trooper (level 4, 0/35 HPs)
             Began as a Djinni Chaos Knight on Oct 31, 2023.
             Was a Plaything of Xom.
             Slain by a goblin
             ... wielding a +2 dagger of distortion
              (7 damage)
             ... on level 2 of the Dungeon.
             The game lasted 00:02:16 (9618 turns).

Xavori the Trooper (Djinni Chaos Knight)            Turns: 9618, Time: 00:02:18

Health: 0/35       AC:  5    Str: 11    XL:     4   Next: 74%
Gold:   85         EV: 12    Int: 13    God:    Xom [...*..] SH:  0 Dex: 15

rFire   + + .        a - +0 falchion (chaos)
rCold   x . .        (no shield)
rNeg    . . .        b - +2 leather armour
rPois   ∞            (helmet restricted)
rElec   .            (no cloak)
rCorr   .            (no gloves)
SInv    .            (boots unavailable)
Will    .....        (no amulet)
Stlth   +            (no ring)
HPRegen 0.25/turn    (no ring)
MPRegen 0.00/turn

%: infuse magic (-1 HP)
@: flying
A: sickness immunity, fire resistance 2, cold vulnerability 1, float, innate
caster, HP casting, extra vitality 1, fangs 1, horns 1, mutation resistance 2
a: Renounce Religion


You were on level 2 of the Dungeon.
You worshipped Xom.
You were a favourite toy of Xom.
You visited 1 branch of the dungeon, and saw 2 of its levels.

You collected 85 gold pieces.

Inventory:

Hand Weapons
 a - a +0 falchion of chaos (weapon)
Armour
 b - a +2 leather armour (worn)
Jewellery
 h - a +6 ring of dexterity
Scrolls
 c - a scroll of butterflies
 e - 2 scrolls of identify {unknown}
 f - a scroll of poison {unknown}
 g - 2 scrolls of amnesia {unknown}
Potions
 d - a potion of ambrosia {unknown}


   Skills:
 + Level 3.4 Fighting
 + Level 3.1 Long Blades
 + Level 1.8 Armour
 + Level 2.8 Dodging
 * Level 1.2 Spellcasting
 * Level 1.2 Conjurations
 * Level 1.2 Hexes
   Level 0.0 Charms
 * Level 1.2 Summonings
 * Level 1.2 Necromancy
 * Level 1.2 Translocations
 * Level 1.2 Transmutations
 * Level 1.2 Fire Magic
 * Level 1.2 Ice Magic
 * Level 1.2 Air Magic
 * Level 1.2 Earth Magic
 * Level 1.2 Poison Magic


You knew the following spells:

 Your Spells              Type           Power      Damage    Failure   Level
a - Shock                 Conj/Air       16%        1d4       22%         1
Your spell library was empty.

Dungeon Overview and Level Annotations

Branches:
Dungeon (2/15)

Altars:

Shops:
D:2 [


Innate Abilities, Weirdness & Mutations

You are immune to sickness and miasma.
You are immune to poison.
Your flesh is very heat resistant. (rF++)
You are vulnerable to cold. (rC-)
You float through the air rather than walking.
You learn spells naturally, not from books.
Your magical power is your life essence.
You have superior vitality. (+4 MHP)
You have very sharp teeth.
You have a pair of small horns on your head.
You are somewhat resistant to both further mutation and mutation removal.


Message History

A hobgoblin comes into view.
You barely miss the goblin.
The hobgoblin shouts!
The hobgoblin moves out of view.
Unknown command.
You barely miss the goblin.
A hobgoblin comes into view. x3
The goblin hits you with a +2 dagger of distortion.
Unknown command.
You hit the hobgoblin.
The hobgoblin is poisoned.
You headbutt the hobgoblin.
The hobgoblin is severely wounded.
You kill the hobgoblin!
The goblin barely misses you.
Unknown command.
Unknown command.
You hit the goblin.
The goblin seems to speed up.
Xom thinks this is hilarious!
Your headbutt misses the goblin. Your bite misses the goblin.
The goblin is severely wounded.
The goblin unwields a +0 dagger.
The goblin wields a +0 sling.
The goblin shoots a sling bullet.
The sling bullet misses you. The goblin hits you but does no damage.
Space warps horribly around you! The goblin hits you with a +0 dagger.
The goblin hits you but does no damage. Space warps around you.
* * * LOW HITPOINT WARNING * * *
The goblin completely misses you.
You are too injured to fight recklessly!
Unknown command.
You are too injured to fight recklessly!
You are too injured to fight recklessly!
Unknown command.
You are too injured to fight recklessly!
Unknown command.
The goblin closely misses you. The goblin hits you with a +0 dagger.
* * * LOW HITPOINT WARNING * * *
The goblin hits you with a +2 dagger of distortion.
* * * LOW HITPOINT WARNING * * *
Space warps around you!
You die...
Xom yawns loudly!

........###
#......<##..#####.#
##.##...#####.##.##.##..####
#.#######.....#....##.....#
#.# #..###..######.###.# #
#.## ###.## ##.###
#.###.##.# #..###...#.
#...## #........#
##...#..####g
###..###...#.##.# .......##
#.gg#g##.........##.#
##...#.#
+.ggg.@'..##...#.##.#
#..##.##
#..g#g##.###..#..##.#
#.###..####' ###..#
#.##)###.# #...##...#.
#...## #.##.# #.#
###.####.## ##.###
#.##.###.# #.# #..###..#
#........# #.# ##.....##
####.##### #.########.## #.#
#...........##########(#


You could see 4 hobgoblins and 4 goblins.

Vanquished Creatures
  Natasha (D:2)
  An adder (D:2)
  2 dart slugs (D:2)
  3 endoplasms
  2 giant cockroaches
  4 goblins
  5 hobgoblins
  2 jackals (D:2)
  A quokka (D:1)
  5 ball pythons
  3 bats (D:1)
  2 frilled lizards (D:1)
  6 kobolds (D:1)
  7 rats
44 creatures vanquished.

Notes
Turn   | Place    | Note
-------+----------+-------------------------------------------
     0 | D:1      | Xavori the Djinni Chaos Knight began the quest for the Orb.
     0 | D:1      | Reached XP level 1. HP: 20/20 MP: 0/0
   159 | D:1      | Reached XP level 2. HP: 25/25 MP: 0/0
   312 | D:1      | Reached XP level 3. HP: 23/30 MP: 0/0
   312 | D:1      | Learned a level 1 spell: Shock
   325 | D:1      | You are sucked into a shaft and drop 1 floor!
   433 | D:1      | XOM: silly message
   562 | D:1      | XOM: summons 2 hostile shadow creatures
   706 | D:2      | Found Qeuguthry's Armour Boutique.
  1013 | D:1      | XOM: summons 1 hostile shadow creature
  2509 | D:1      | XOM: torment (16/30 hp)
  2859 | D:1      | XOM: give mutations
  2859 | D:1      | Gained mutation: You are somewhat resistant to further
                  | mutation. [Xom's mischief]
  2859 | D:1      | Gained mutation: You are clumsy. (Dex -2) [Xom's mischief]
  2975 | D:1      | XOM: summons 2 hostile shadow creatures
  3550 | D:1      | XOM: divination: detect items
  3925 | D:1      | XOM: divination: detect items
  4794 | D:1      | XOM: give mutations
  4794 | D:1      | Gained mutation: You have very sharp teeth. [Xom's grace]
  4794 | D:1      | Gained mutation: You have a pair of small horns on your
                  | head. [Xom's grace]
  4995 | D:1      | XOM: silly message
  5003 | D:1      | XOM: silly message
  5244 | D:1      | XOM: silly message
  7197 | D:1      | XOM is BORED!
  8620 | D:1      | XOM: 1-stop teleportation journey
  8622 | D:1      | XOM: god gift: 6 stones
  8715 | D:2      | Reached skill level 1 in Spellcasting
  8715 | D:2      | Reached skill level 1 in Conjurations
  8715 | D:2      | Reached skill level 1 in Hexes
  8715 | D:2      | Reached skill level 1 in Summonings
  8715 | D:2      | Reached skill level 1 in Necromancy
  8715 | D:2      | Reached skill level 1 in Translocations
  8715 | D:2      | Reached skill level 1 in Transmutations
  8715 | D:2      | Reached skill level 1 in Fire Magic
  8715 | D:2      | Reached skill level 1 in Ice Magic
  8715 | D:2      | Reached skill level 1 in Air Magic
  8715 | D:2      | Reached skill level 1 in Earth Magic
  8715 | D:2      | Reached skill level 1 in Poison Magic
  8852 | D:2      | XOM: give mutations
  8852 | D:2      | Gained mutation: You are somewhat resistant to both further
                  | mutation and mutation removal. [Xom's grace]
  8852 | D:2      | Lost mutation: You are clumsy. (Dex -2) [Xom's grace]
  9074 | D:2      | Reached XP level 4. HP: 30/35 MP: 0/0
  9238 | D:2      | XOM: god gift: scroll labelled JYFFUNN UCKOCA {god gift}
  9244 | D:2      | Noticed Natasha
  9252 | D:2      | XOM: smoke on damage
  9256 | D:2      | HP: 1/35 [Natasha/magic dart (6)]
  9257 | D:2      | Killed Natasha
  9618 | D:2      | Slain by a goblin

Illustrated notes

Levels and vault maps discovered:
D:1:      lemuel_arrival_room, layout_rooms
D:2:      cheibrodos_greedy_goblins, layout_loops_corners, serial_shops,
          nicolae_shop_tiny_waterfront, uniq_natasha

Skill      XL: |  1  2  3 |
---------------+----------+-----
Long Blades    | 3 |  3.1
Spellcasting   | 1 |  1.2
Conjurations   | 1 |  1.2
Hexes          | 1 |  1.2
Summonings     | 1 |  1.2
Necromancy     | 1 |  1.2
Translocations | 1 |  1.2
Transmutations | 1 |  1.2
Fire Magic     | 1 |  1.2
Ice Magic      | 1 |  1.2
Air Magic      | 1 |  1.2
Earth Magic    | 1 |  1.2
Poison Magic   | 1 |  1.2
Fighting       | |  3.4
Armour         | |  1.8
Dodging        | |  2.8

Action                     |  1- 3 |  4- 6 || total
---------------------------+-------+-------++-------
  Melee: Falchion          |    99 |    18 ||   117
         Bite              |     3 |     1 ||     4
         Headbutt          |     1 |     3 ||     4
   Stab: Sleeping          |     1 |       ||     1
 Armour: Leather armour    |    78 |    16 ||    94
  Dodge: Dodged            |    84 |    10 ||    94

Table legend: (Time is in decaauts)
 A = Elapsed time spent in this place.
 B = Non-inter-level travel time spent in this place.
 C = Inter-level travel time spent in this place.
 D = Time resting spent in this place.
 E = Time spent auto-exploring this place.
 F = Levels seen in this place.
 G = Mean time per level.
                   A        B        C        D        E       F      G
               +--------+--------+--------+--------+--------+-----+--------+
         Total |   9645 |   9593 |     52 |   8140 |   1137 |   2 | 4822.5 |
       Dungeon |   9645 |   9593 |     52 |   8140 |   1137 |   2 | 4822.5 |
               +--------+--------+--------+--------+--------+-----+--------+

Top non-repeatable levels by time:
     D:1: 7992 daAuts
     D:2: 1653 daAuts
